 Dungeon Crawl Stone Soup version 0.30-a0-939-gc8157cb160 (webtiles) character file.

Game seed: 9013277692921485832

137 2tousent the Chopper (level 5, -3/47 HPs)
             Began as a Hill Orc Monk on Mar 25, 2023.
             Slain by an iguana (8 damage)
             ... on level 4 of the Dungeon.
             The game lasted 00:03:00 (3086 turns).

2tousent the Chopper (Hill Orc Monk)                Turns: 3086, Time: 00:03:01

Health: -3/47      AC:  5    Str: 16    XL:     5   Next: 20%
Magic:  5/5        EV:  9    Int: 10    God:
Gold:   71         SH:  8    Dex: 13    Spells: 4/4 levels left

rFire   + . .      SeeInvis .    a - +0 hand axe
rCold   . . .      Faith    .    e - +0 kite shield
rNeg    . . .      Spirit   .    l - +0 ring mail
rPois   .          Reflect  .    (no helmet)
rElec   .          Rampage  .    (no cloak)
rCorr   .                        (no gloves)
Will    .....                    (no boots)
Stlth   +                        (no amulet)
HPRegen 0.27/turn                m - ring of protection from fire
MPRegen 0.09/turn                (no ring)

@: no status effects
A: no striking features
a: no special abilities


You were on level 4 of the Dungeon.
You visited 1 branch of the dungeon, and saw 4 of its levels.

You collected 136 gold pieces.
You spent 65 gold pieces at shops.

Inventory:

Hand Weapons
 a - a +0 hand axe (weapon)
Missiles
 r - 3 throwing nets (quivered)
Armour
 b - a +0 robe
 e - a +0 kite shield (worn)
 l - a +0 ring mail (worn)
Jewellery
 h - an amulet of magic regeneration
 m - a ring of protection from fire (left hand)
Scrolls
 c - a scroll of amnesia
 k - a scroll of noise
 s - 2 scrolls of silence
Potions
 d - 2 potions of flight
 f - a potion of resistance {unknown}
 i - a potion of haste
 j - a potion of heal wounds
 t - a potion of brilliance {unknown}


   Skills:
 + Level 4.6 Fighting
 * Level 6.1 Axes
 - Level 2.4 Dodging
 - Level 1.5 Stealth
 + Level 2.2 Shields


You had 4 spell levels left.
You didn't know any spells.
Your spell library contained the following spells:

 Spells                   Type           Power      Damage    Failure   Level
 Sublimation of Blood     Necr           0%         N/A       98%         2
 Wereblood                Tmut           0%         N/A       98%         2
 Summon Hydra             Summ           0%         N/A       100%        7


Dungeon Overview and Level Annotations

Branches:
Dungeon (4/15)
 Temple: D:4-7

Altars:
Uskayaw

Shops:
D:3 !


Message History

You hit the iguana but do no damage.
The iguana is moderately wounded.
You block the iguana's attack.
You closely miss the iguana.
The iguana is moderately wounded.
You block the iguana's attack. The iguana completely misses you.
You hit the iguana.
The iguana is moderately wounded.
The iguana bites you.
* * * LOW HITPOINT WARNING * * *
You closely miss the iguana.
The iguana is moderately wounded.
You block the iguana's attack.
You feel much better. The iguana bites you.
You barely miss the iguana.
The iguana is moderately wounded.
The iguana bites you but does no damage.
You hit the iguana.
The iguana is heavily wounded.
The iguana hisses menacingly.
The iguana bites you!
You barely miss the iguana.
The iguana is heavily wounded.
The iguana bites you.
You hit the iguana but do no damage.
The iguana is heavily wounded.
The iguana bites you!
* * * LOW HITPOINT WARNING * * *
The iguana bites you!
* * * LOW HITPOINT WARNING * * *
You hit the iguana but do no damage.
The iguana is heavily wounded.
You block the iguana's attack.
You hit the iguana.
The iguana is severely wounded.
You block the iguana's attack.
You barely miss the iguana.
The iguana is severely wounded.
The iguana bites you!
You die...

>.# #.### #.#.. ## #.#.#
..####.#.# #########.#.#
#......#.# #....@l......
.........###.#######.#.#
.....)..............
#..###..############ #.
#...# #..###.## .....<.#
...##### .


You could see an iguana.

Vanquished Creatures
  4 gnolls
  4 adders
  A worm (D:2)
  2 dart slugs (D:3)
  An orc (D:3)
  4 endoplasms
  A giant cockroach (D:3)
  4 goblins
  3 hobgoblins
  5 quokkas
  4 ball pythons
  4 bats
  2 frilled lizards (D:3)
  8 kobolds
  12 rats
59 creatures vanquished.

Notes
Turn   | Place    | Note
-------+----------+-------------------------------------------
     0 | D:1      | 2tousent the Hill Orc Monk began the quest for the Orb.
     0 | D:1      | Reached XP level 1. HP: 19/19 MP: 1/1
   155 | D:1      | Reached XP level 2. HP: 27/27 MP: 2/2
   318 | D:1      | Reached skill level 1 in Shields
   736 | D:2      | Reached XP level 3. HP: 33/33 MP: 3/3
   936 | D:2      | Reached skill level 5 in Axes
  1156 | D:2      | Reached XP level 4. HP: 18/40 MP: 4/4
  1952 | D:3      | Found Dotozek's Distillery.
  1956 | D:3      | Bought a potion of heal wounds for 65 gold pieces
  2007 | D:3      | Reached XP level 5. HP: 22/47 MP: 5/5
  2108 | D:3      | Reached skill level 6 in Axes
  2166 | D:3      | Found a hide-covered altar of Uskayaw.
  2166 | D:3      | Noticed a +0 dagger
  2166 | D:3      | Noticed a +0 spear
  2166 | D:3      | Noticed a +0 spear
  2167 | D:3      | Noticed a +0 short sword
  2167 | D:3      | Noticed a +0 short sword
  2168 | D:3      | Noticed a +0 falchion
  2169 | D:3      | Noticed a +0 falchion
  2169 | D:3      | Noticed a +0 dagger
  3086 | D:4      | Slain by an iguana

Illustrated notes

Levels and vault maps discovered:
D:1:      nicolae_arrival_somewhat_less_tricky_arrival, layout_rooms,
          serial_park_tiny_1
D:2:      layout_loops_corners, minmay_bisected
D:3:      minmay_evil_eye, layout_basic, nicolae_uskayaw_en_pointe,
          serial_shops, shop
D:4:      layout_loops_ring, uniq_ijyb, uniq_sigmund

Skill      XL: |  1  2  3  4  5 |
---------------+----------------+-----
Shields        | 1 2 |  2.2
Fighting       | 4 |  4.6
Axes           | 5 6 |  6.1
Dodging        | |  2.4
Stealth        | |  1.5

Action                     |  1- 3 |  4- 6 || total
---------------------------+-------+-------++-------
  Melee: Hand axe          |   106 |   122 ||   228
    Use: Scroll            |       |     9 ||     9
         Potion            |       |     2 ||     2
   Stab: Sleeping          |     2 |     2 ||     4
 Armour: Robe              |     8 |       ||     8
         Ring mail         |    18 |    29 ||    47
  Dodge: Dodged            |    45 |    46 ||    91
  Block: Kite shield       |    34 |    49 ||    83

Table legend: (Time is in decaauts)
 A = Elapsed time spent in this place.
 B = Non-inter-level travel time spent in this place.
 C = Inter-level travel time spent in this place.
 D = Time resting spent in this place.
 E = Time spent auto-exploring this place.
 F = Levels seen in this place.
 G = Mean time per level.
                   A        B        C        D        E       F      G
               +--------+--------+--------+--------+--------+-----+--------+
         Total |   3135 |   2964 |    171 |      2 |   2440 |   4 |  783.8 |
       Dungeon |   3135 |   2964 |    171 |      2 |   2440 |   4 |  783.8 |
               +--------+--------+--------+--------+--------+-----+--------+

Top non-repeatable levels by time:
     D:3: 1203 daAuts
     D:2: 1132 daAuts
     D:1: 671 daAuts
     D:4: 129 daAuts
